 Dungeon Crawl Stone Soup version 0.16-a0-3134-g9b1347a (webtiles) character file.

2599 BluebellGnoll the Covert (level 9, -5/39 HPs)
             Began as a Spriggan Wanderer on Dec 14, 2014.
             Was a Follower of Okawaru.
             Engulfed by posthumous revenge's freezing vapour (15 damage)
             ... on level 7 of the Dungeon.
             The game lasted 00:33:10 (7159 turns).

BluebellGnoll the Covert (Spriggan Wanderer)        Turns: 7159, Time: 00:33:10

Health: -5/39      AC:  5    Str:  8    XL:     9   Next: 33%
Magic:  14/30      EV: 21    Int: 18    God:    Okawaru [*.....]
Gold:   336        SH:  0    Dex: 14    Spells: 4 memorised, 19 levels left

rFire  . . .     SeeInvis +     q - +1 dagger (venom)
rCold  . . .     Clarity  .     A - +1 robe {MR+}
rNeg   + . .     SustAb   .     (shield restricted)
rPois  .         Gourm    .     (helmet restricted)
rElec  .         Spirit   .     y - +1 cloak {MR+}
rCorr  .         Warding  +     (gloves unavailable)
rMut   .         Stasis   .     (boots unavailable)
MR     +++..                    r - amulet of warding
Stlth  ++++++....               (no ring)
                                (no ring)

@: very quick, extremely resistant to hostile enchantments, very stealthy
A: unfitting armour, see invisible, herbivore 3, speed 3, slow metabolism 2
a: Heroism, Renounce Religion


You were on level 7 of the Dungeon.
You worshipped Okawaru.
Okawaru was aware of your devotion.
You were very full.

You visited 2 branches of the dungeon, and saw 8 of its levels.

You collected 475 gold pieces.
You spent 139 gold pieces at shops.

Inventory:

Hand weapons
 d - a +0 blowgun
 j - a +0 hand axe of electrocution
 q - a +1 dagger of venom (weapon)
Missiles
 c - 24 poisoned needles
Armour
 k - a +0 robe of positive energy
 y - a +1 cloak of magic resistance (worn)
 A - a +1 robe of magic resistance (worn)
Jewellery
 r - an amulet of warding (around neck)
Magical devices
 t - a wand of disintegration (4)
 u - a wand of slowing (28)
 B - a wand of teleportation (9)
Scrolls
 h - a scroll of random uselessness {unknown}
 l - a scroll of identify
 p - 2 scrolls of remove curse
Potions
 b - 6 potions of curing
 e - a potion of ambrosia {unknown}
 g - a potion of flight
 i - a potion of cancellation {unknown}
 m - 2 potions of heal wounds
 s - a potion of poison {unknown}
 w - a potion of restore abilities
 z - a potion of agility
 F - 4 potions of might
Books
 a - a book of Minor Magic

   Spells                             Type                      Level
   a - Magic Dart                     Conjuration                  1
   b - Blink                          Translocation                2
   c - Call Imp                       Summoning                    2
   d - Repel Missiles                 Charms/Air                   2
   e - Slow                           Hexes                        2
   f - Conjure Flame                  Conjuration/Fire             3
   g - Mephitic Cloud                 Conjuration/Poison/Air       3
 C - a book of the Sky

   Spells                             Type                      Level
   a - Flight                         Charms/Air                   3
   b - Airstrike                      Air                          4
   c - Silence                        Hexes/Air                    5
   d - Deflect Missiles               Charms/Air                   6
   e - Conjure Ball Lightning         Conjuration/Air              6
   f - Tornado                        Air                          9
Comestibles
 f - 9 bread rations
 n - 7 slices of pizza
 o - a fruit


   Skills:
 - Level 5.0 Short Blades
 - Level 7.3 Dodging
 + Level 12.0 Stealth
   Level 1.0 Shields
 - Level 10.3 Spellcasting
 - Level 3.9 Conjurations
 - Level 2.6 Air Magic
 - Level 2.8 Poison Magic


You had 19 spell levels left.
You knew the following spells:

 Your Spells              Type           Power        Failure   Level  Hunger
a - Magic Dart            Conj           ###.         1%          1    None
b - Blink                 Tloc           N/A          12%         2    None
c - Conjure Flame         Conj/Fire      ###.....     12%         3    None
g - Mephitic Cloud        Conj/Pois/Air  ###.....     10%         3    None


Dungeon Overview and Level Annotations

Branches:
Dungeon (7/15)             Temple (1/1) D:6

Altars:
Ashenzari
Cheibriados
Dithmenos
Elyvilon
Fedhas
Gozag
Kikubaaqudgha
Nemelex Xobeh
Okawaru
Qazlal
Ru
Sif Muna
Vehumet
Zin
The Shining One

Shops:
D:4 [   D:5 [


Innate Abilities, Weirdness & Mutations

You are tiny and cannot use many weapons and most armour.
You have supernaturally acute eyesight.
You are a herbivore.
You cover ground extremely quickly.
You need consume almost no food.


Message History

Aim: a wight, wielding an enchanted hand axe and wearing a robe (almost destroyed)
The magic dart hits the wight.
You destroy the wight!
Okawaru accepts your kill.
Your Stealth skill increases to level 12!
Things that are here:
an enchanted hand axe; a robe
There is a stone staircase leading up here.
Found a box of beasts.
Items here: )) [[ a robe; a war axe; a robe; an enchanted great sword
t - a wand of disintegration A worker ant zombie comes into view.
You open the door.
There is an open door here.
Really walk into a travel-excluded area?
You are engulfed in freezing vapours.
* * * LOW HITPOINT WARNING * * *
You are engulfed in freezing vapours.
You die...

###........ ##......#.###
####...........# ........# #
##..............## .##.#...###
#Z.................. ..........
#..........$......####......(###
#...#####################.......
#...#}!?!)§§§§§§§§§§§§§.#.......
#...###################§#....##.
##...#...§§§§§§§@§§§§§§§§#..#....
#....#8'8#################..#....
.........###(...............#....
.....................########....
.........[#####......<...).).....
........).# #..<.........####....
.........## #####....###...##....
#...#...## #.......##.##........
######### #.###...#.).#...#....


There were no monsters in sight!

Vanquished Creatures
  Pikel (D:4)
  A human (D:7)
  A hippogriff (D:7)
  An ice beast (D:5)
  A black bear (D:4)
  3 slaves (D:4)
  4 ogres
  A centaur (D:6)
  Duvessa (D:4)
  A big kobold (D:7)
  4 giant frogs
  Blork the orc (D:7)
  7 wights (D:7)
  A crimson imp (D:6)
  A centaur zombie (D:5)
  Dowan (D:4)
  A gnoll shaman (D:4)
  2 hounds
  A giant frog skeleton (D:5)
  Natasha (thrice) (D:3)
  4 worker ants
  2 iguanas
  4 sheep (D:7)
  Robin (D:2)
  5 adders
  A shadow imp (D:6)
  A giant mite (D:6)
  A worm (D:4)
  An ooze (D:7)
  13 orcs
  7 bats
  2 bat skeletons
  6 giant cockroaches
  10 goblins
  8 hobgoblins
  15 kobolds
  5 quokkas
  A ball python (D:2)
  3 giant geckos
  6 giant newts
  4 jackals
  A jackal skeleton (D:5)
  7 rats
  A fungus (D:5)
146 creatures vanquished.

Vanquished Creatures (collateral kills)
  An adder (D:2)
  5 goblins (D:2)
  2 hobgoblins (D:2)
  5 jackals
  A giant newt (D:2)
14 creatures vanquished.

Vanquished Creatures (others)
  A white imp (D:2)
  A fungus (D:5)
2 creatures vanquished.

Grand Total: 162 creatures vanquished

Notes
Turn   | Place    | Note
--------------------------------------------------------------
     0 | D:1      | Reached skill level 10 in Spellcasting
     0 | D:1      | BluebellGnoll, the Spriggan Wanderer, began the quest for the Orb.
     0 | D:1      | BluebellGnoll set off with: a book of Minor Magic, a potion of curing, a +0 robe, a +0 dagger, a bread ration
     0 | D:1      | Reached XP level 1. HP: 9/9 MP: 14/14
     2 | D:1      | Learned a level 1 spell: Magic Dart
   376 | D:1      | Reached XP level 2. HP: 13/13 MP: 14/18
   380 | D:1      | Learned a level 2 spell: Call Imp
  1047 | D:2      | Learned a level 2 spell: Blink
  1233 | D:2      | Reached XP level 3. HP: 11/16 MP: 16/20
  1238 | D:2      | Learned a level 3 spell: Conjure Flame
  1242 | D:2      | Learned a level 3 spell: Mephitic Cloud
  1344 | D:2      | Reached skill level 5 in Stealth
  1911 | D:2      | Noticed Robin
  1982 | D:2      | Killed Robin
  1982 | D:2      | Reached XP level 4. HP: 11/21 MP: 22/22
  2094 | D:3      | Noticed Natasha
  2110 | D:3      | Killed Natasha
  2120 | D:3      | Noticed an air elemental
  2125 | D:3      | Found a stormy altar of Qazlal.
  2128 | D:3      | Noticed a fire elemental
  2129 | D:3      | Noticed a water elemental
  2204 | D:3      | Reached skill level 1 in Poison Magic
  2234 | D:3      | Noticed Natasha
  2241 | D:3      | Killed Natasha
  2241 | D:3      | Reached skill level 1 in Air Magic
  2532 | D:3      | Noticed Natasha
  2539 | D:3      | Killed Natasha
  2893 | D:4      | Found Kati Sko's Antique Armour Shoppe.
  2916 | D:4      | Bought a glowing cloak for 121 gold pieces
  2916 | D:4      | Bought a glowing robe for 18 gold pieces
  2969 | D:4      | Reached XP level 5. HP: 21/24 MP: 11/25
  2976 | D:4      | Noticed Dowan
  2979 | D:4      | Noticed Duvessa
  3022 | D:4      | Killed Dowan
  3067 | D:4      | Killed Duvessa
  3086 | D:4      | Reached XP level 6. HP: 7/28 MP: 2/26
  3405 | D:4      | Reached skill level 1 in Conjurations
  3597 | D:4      | Noticed a slave
  3626 | D:4      | Noticed a slave
  3627 | D:4      | Noticed a slave
  3628 | D:4      | Noticed a slave
  3631 | D:4      | Noticed Pikel
  3640 | D:4      | Killed a slave
  3640 | D:4      | Killed a slave
  3655 | D:4      | Killed a slave
  3697 | D:4      | Killed Pikel
  3697 | D:4      | Reached XP level 7. HP: 22/32 MP: 20/28
  3773 | D:4      | Noticed an ogre
  3785 | D:4      | Killed an ogre
  4001 | D:4      | Found a sparkling altar of Nemelex Xobeh.
  4353 | D:5      | Entered Level 5 of the Dungeon
  4492 | D:5      | Found Plaetyopt's Armour Shop.
  4601 | D:5      | Reached skill level 5 in Dodging
  4629 | D:5      | Reached XP level 8. HP: 5/36 MP: 23/29
  5098 | D:5      | Found a blossoming altar of Fedhas.
  5183 | D:5      | Reached skill level 1 in Short Blades
  5419 | D:6      | Found a staircase to the Ecumenical Temple.
  5430 | Temple   | Entered the Ecumenical Temple
  5482 | Temple   | Became a worshipper of Warmaster Okawaru
  5814 | D:6      | Reached skill level 5 in Short Blades
  6075 | D:7      | Acquired Okawaru's first power
  6468 | D:7      | Reached XP level 9. HP: 39/39 MP: 27/30
  6486 | D:7      | Reached skill level 10 in Stealth
  6563 | D:7      | Noticed Blork the orc
  6589 | D:7      | Killed Blork the orc
  6754 | D:7      | Reached skill level 11 in Stealth
  6830 | D:7      | Found a sparkling altar of Nemelex Xobeh.
  7119 | D:7      | Reached skill level 12 in Stealth
  7159 | D:7      | Engulfed by posthumous revenge's freezing vapour

Action                   |  1- 3 |  4- 6 |  7- 9 || total
-------------------------+-------+-------+-------++-------
Melee: Dagger            |    35 |    80 |   143 ||   258
       Hand axe          |     1 |     6 |     2 ||     9
 Cast: Magic Dart        |    88 |    55 |   211 ||   354
       Call Imp          |     7 |     1 |       ||     8
       Mephitic Cloud    |       |     9 |    12 ||    21
       Conjure Flame     |       |       |    12 ||    12
  Use: Scroll            |       |     1 |    15 ||    16
 Stab: Sleeping          |     3 |     9 |    12 ||    24
       Confused          |       |     9 |     4 ||    13
       Distracted        |       |     1 |       ||     1
  Eat: Fruit             |       |       |     8 ||     8
       Pizza             |       |       |     1 ||     1
